 Dungeon Crawl Stone Soup version 0.27-a0-277-g024f7ef292 (webtiles) character file.

Game seed: 773323472263412929

116 gimp the Digger (level 5, -12/33 HPs)
             Began as an Octopode Earth Elementalist on Feb 5, 2021.
             Mangled by Menkaure (24 damage)
             ... on level 3 of the Dungeon.
             The game lasted 00:05:34 (2665 turns).

gimp the Digger (Octopode Earth Elementalist)       Turns: 2665, Time: 00:05:35

Health: -12/33     AC:  1    Str:  8    XL:     5   Next: 0%
Magic:  14/17      EV: 13    Int: 18    God:
Gold:   143        SH:  0    Dex: 12    Spells: 4/8 levels left

rFire    . . .     SeeInvis .   a - +0 dagger
rCold    . . .     Faith    .   (no shield)
rNeg     . . .     Spirit   .   (helmet restricted)
rPois    .         Reflect  .   (no amulet)
rElec    .         Harm     .   c - ring of willpower
rCorr    .         Rampage  .   j - ring of magical power
Will     +....                  (no ring)
Stlth    +++.......             (no ring)
HPRegen  0.11/turn              (no ring)
MPRegen  0.15/turn              (no ring)
                                (no ring)
                                (no ring)

@: no status effects
A: almost no armour, stealthy swim, amphibious, 8 rings, constrict 8, camouflage
1, gelatinous body 1
a: no special abilities


You were on level 3 of the Dungeon.
You visited 1 branch of the dungeon, and saw 4 of its levels.

You collected 143 gold pieces.

Inventory:

Hand Weapons
 a - a +0 dagger (weapon)
Missiles
 b - 26 stones
Jewellery
 c - a ring of willpower (left tentacle)
 j - a ring of magical power (right tentacle)
 l - an uncursed ring of resist corrosion
Scrolls
 f - a scroll of magic mapping {unknown}
 i - a scroll of enchant armour
 k - a scroll of identify {unknown}
 m - a scroll of teleportation {unknown}
 o - a scroll of immolation {unknown}
 q - a scroll of fog {unknown}
Potions
 d - a potion of haste {unknown}
 e - 2 potions of curing {unknown}
 g - a potion of heal wounds {unknown}
 h - 2 potions of invisibility {unknown}
 n - a potion of might {unknown}
 p - a potion of lignification {unknown}


   Skills:
 - Level 1.0 Fighting
 - Level 2.0 Dodging
 - Level 2.6 Stealth
 + Level 2.4 Spellcasting
 * Level 1.9 Conjurations
 - Level 1.0 Transmutations
 * Level 4.5 Earth Magic


You had 4 spell levels left.
You knew the following spells:

 Your Spells              Type           Power        Failure   Level
a - Sandblast             Erth           36%          2%          1
b - Stone Arrow           Conj/Erth      26%          14%         3

Your spell library contained the following spells:

 Spells                   Type           Power        Failure   Level
 Passwall                 Tmut/Erth      10%          9%          2
 Petrify                  Tmut/Erth      12%          50%         4
 Lee's Rapid Deconstruct  Erth           9%           58%         5


Dungeon Overview and Level Annotations

Branches:
Dungeon (4/15)
 Temple: D:4-7

Altars:
Hepliaklqana
Qazlal
Sif Muna

Annotations:
D:2 Terence
D:3 2 transporters, Chroloform's ghost, amateur MiFi; Menkaure


Innate Abilities, Weirdness & Mutations

You cannot wear most types of armour.
You are very stealthy in the water. (Stealth+)
You are amphibious.
You can wear up to eight rings at the same time.
You can use your tentacles to constrict eight enemies at once.
Your skin changes colour to match your surroundings (Stealth+).
Your rubbery body absorbs attacks. (AC +1, EV +1)


Message History

You take 14 damage, and have 19/33 hp.
MASSIVE DAMAGE!!
Casting: Sandblast (safe; 2% risk of failure)
Confirm with . or Enter, or press ? or * to list all spells.
Aiming: Sandblast (safe; 2% risk of failure)
Press: ? - help, Shift-Dir - straight line, f - Menkaure
Aim: Menkaure (severely damaged, 10% to evade)
The blast of sand hits Menkaure but does no damage.
Menkaure is severely damaged.
Menkaure closely misses you. The orc hits you with a +0 short sword.
You take 3 damage, and have 16/33 hp.
You now have 14/17 mp.
Casting: Sandblast (safe; 2% risk of failure)
Confirm with . or Enter, or press ? or * to list all spells.
Aiming: Sandblast (safe; 2% risk of failure)
Press: ? - help, Shift-Dir - straight line, f/p - Menkaure
Aim: Menkaure (severely damaged, 10% to evade)
The blast of sand hits Menkaure!
Menkaure is almost destroyed.
The orc hits you with a +0 short sword. Menkaure hits you!!
Ouch! That really hurt!
You die...

#.#####.# #P..P...# #########
############## ##.....##.....## #
##.........(....### #
#...>........o....#
####............@....#######
..##.............M...#.....######
............................##...
.................................
...#............................#
†...[........................####
.............................#$..
#.#####.....#......<......>..##.#
..##.##.......................###


You could see Menkaure and an orc.

Vanquished Creatures
  A hound (D:3)
  2 adders
  A worm (D:2)
  A dart slug (D:1)
  An orc (D:3)
  4 giant cockroaches
  17 goblins
  7 hobgoblins
  4 jackals (D:3)
  2 quokkas
  A ball python (D:3)
  5 bats
  2 frilled lizards (D:2)
  3 kobolds (D:2)
  6 rats
57 creatures vanquished.

Vanquished Creatures (others)
  2 plants (D:2)
2 creatures vanquished.

Grand Total: 59 creatures vanquished

Notes
Turn   | Place    | Note
-------+----------+-------------------------------------------
     0 | D:1      | gimp the Octopode Earth Elementalist began the quest for
                  | the Orb.
     0 | D:1      | Reached XP level 1. HP: 11/11 MP: 3/3
   172 | D:1      | Reached XP level 2. HP: 14/18 MP: 1/5
   510 | D:1      | Reached skill level 1 in Fighting
  1194 | D:2      | Reached XP level 3. HP: 21/23 MP: 3/6
  1198 | D:2      | Learned a level 3 spell: Stone Arrow
  1393 | D:2      | Noticed Terence
  1602 | D:2      | Reached skill level 4 in Earth Magic
  1746 | D:2      | Found a stormy altar of Qazlal.
  1746 | D:2      | Found a hazy altar of Hepliaklqana.
  1746 | D:2      | Found a shimmering blue altar of Sif Muna.
  1770 | D:2      | Reached skill level 1 in Conjurations
  1858 | D:2      | Reached XP level 4. HP: 28/28 MP: 7/7
  2099 | D:3      | Found a transporter.
  2103 | D:3      | Noticed a small abomination
  2108 | D:3      | Noticed a big kobold
  2109 | D:3      | Noticed a small abomination
  2111 | D:3      | Noticed Chroloform's ghost (amateur MiFi)
  2116 | D:3      | Found a transporter.
  2473 | D:3      | Reached XP level 5. HP: 33/33 MP: 8/8
  2659 | D:4      | Noticed Menkaure
  2665 | D:3      | Mangled by Menkaure

Illustrated notes

Levels and vault maps discovered:
D:1:      ncdulo_lavacross, layout_basic, grunt_decor_cap, amethyst_killhole
D:2:      layout_basic, gammafunk_temple_overflow_forgotten, minivault_14,
          uniq_terence
D:3:      layout_rooms, gammafunk_ghost_abyssal_escape, serial_aquarium,
          aquarium_bridge_square [aquarium_subvault_balcony,
          aquarium_subvault_wall, aquarium_subvault_window,
          aquarium_subvault_bridge], aquarium_window_1, aquarium_window_fake,
          aquarium_view_2f, aquarium_view_2d, aquarium_balcony_3b
D:4:      black_bear_nest_2, layout_basic, uniq_menkaure

Skill      XL: |  1  2  3 |
---------------+----------+-----
Fighting       | 1 |  1.0
Earth Magic    | 4 |  4.5
Conjurations   | 1 |  1.9
Dodging        | |  2.0
Stealth        | |  2.6
Spellcasting   | |  2.4
Transmutations | |  1.0

Action                   |  1- 3 |  4- 6 || total
-------------------------+-------+-------++-------
Melee: Dagger            |    10 |     5 ||    15
       Constrict         |     3 |     1 ||     4
       Tentacles         |     1 |     1 ||     2
       Unarmed           |     1 |       ||     1
 Cast: Sandblast         |    55 |    30 ||    85
  Use: Scroll            |     1 |       ||     1
Armor: Skin              |     4 |     1 ||     5
Dodge: Dodged            |    20 |     7 ||    27

Table legend: (Time is in decaauts)
 A = Elapsed time spent in this place.
 B = Non-inter-level travel time spent in this place.
 C = Inter-level travel time spent in this place.
 D = Time resting spent in this place.
 E = Time spent auto-exploring this place.
 F = Levels seen in this place.
 G = Mean time per level.
                   A        B        C        D        E       F      G
               +--------+--------+--------+--------+--------+-----+--------+
         Total |   2665 |   2541 |    124 |      0 |   1998 |   4 |  666.2 |
       Dungeon |   2665 |   2541 |    124 |      0 |   1998 |   4 |  666.2 |
               +--------+--------+--------+--------+--------+-----+--------+

Top non-repeatable levels by time:
     D:1: 1149 daAuts
     D:2: 892 daAuts
     D:3: 620 daAuts
     D:4: 3 daAuts
